 Dungeon Crawl Stone Soup version 0.30-a0-243-gaa749bd8e4 (webtiles) character file.

Game seed: 17731022730774104816

203 BritishOli the Trooper (level 5, -4/43 HPs)
             Began as a Demonspawn Fighter on Oct 12, 2022.
             Slain by an orc
             ... wielding a +1 hand axe of electrocution
              (10 damage)
             ... on level 4 of the Dungeon.
             The game lasted 00:02:12 (2410 turns).

BritishOli the Trooper (Demonspawn Fighter)         Turns: 2410, Time: 00:02:13

Health: -4/43      AC:  7    Str: 19    XL:     5   Next: 51%
Magic:  5/5        EV:  9    Int:  9    God:
Gold:   123        SH:  4    Dex: 12    Spells: 4/4 levels left

rFire   . . .      SeeInvis .    a - +0 long sword
rCold   . . .      Faith    .    c - +0 buckler
rNeg    + . .      Spirit   .    b - +0 scale mail
rPois   .          Reflect  .    (no helmet)
rElec   .          Harm     .    (no cloak)
rCorr   .          Rampage  .    (no gloves)
Will    .....                    w - +0 pair of boots
Stlth   ..........               (no amulet)
HPRegen 0.27/turn                t - ring of positive energy
MPRegen 0.09/turn                (no ring)

@: no status effects
A: hooves 1, demonic guardian 1
a: no special abilities


You were on level 4 of the Dungeon.
You visited 1 branch of the dungeon, and saw 4 of its levels.

You collected 123 gold pieces.

Inventory:

Hand Weapons
 a - a +0 long sword (weapon)
Armour
 b - a +0 scale mail (worn)
 c - a +0 buckler (worn)
 w - a +0 pair of boots (worn)
Jewellery
 t - a ring of positive energy (left hand)
Scrolls
 e - 2 scrolls of enchant weapon {unknown}
 f - 3 scrolls of blinking {unknown}
 i - a scroll of teleportation {unknown}
 k - 3 scrolls of butterflies {unknown}
 l - 3 scrolls of identify {unknown}
 m - 2 scrolls of brand weapon {unknown}
 n - a scroll of immolation {unknown}
 p - a scroll of fear {unknown}
 s - a scroll of amnesia {unknown}
 v - a scroll of vulnerability {unknown}
Potions
 d - a potion of might
 h - a potion of cancellation {unknown}
 j - 4 potions of heal wounds {unknown}
 o - a potion of curing {unknown}
 q - a potion of attraction {unknown}
 r - 2 potions of ambrosia {unknown}
 u - a potion of haste {unknown}


   Skills:
 + Level 4.6 Fighting
 + Level 3.6 Long Blades
 - Level 3.0 Armour
 - Level 3.0 Shields


You had 4 spell levels left.
You didn't know any spells.
Your spell library contained the following spells:

 Spells                   Type           Power      Damage    Failure   Level
 Summon Small Mammal      Summ           0%         N/A       85%         1
 Call Canine Familiar     Summ           0%         N/A       99%         3
 Summon Guardian Golem    Hex/Summ       0%         N/A       99%         3


Dungeon Overview and Level Annotations

Branches:
Dungeon (4/15)
 Temple: D:4-7

Altars:
Fedhas
Trog


Innate Abilities, Weirdness & Mutations

You have large cloven feet.
A weak demonic guardian rushes to your aid.


Message History

You hit the hound.
The hound is heavily wounded.
The hound bites you but does no damage. x2
You barely miss the hound.
The hound is heavily wounded.
The hound bites you but does no damage. The hound closely misses you.
You barely miss the hound.
The hound is heavily wounded.
The hound bites you but does no damage. The hound closely misses you.
You barely miss the hound.
The hound is heavily wounded.
The hound barely misses you. The hound misses you.
You closely miss the hound.
The hound is heavily wounded.
The hound bites you. The hound barely misses you.
You slash the hound!
You kill the hound!
You slash the orc!
You kill the orc!
You hit the orc but do no damage. The orc completely misses you.
You hit the orc but do no damage.
The orc hits you with a +1 hand axe of electrocution.
You are electrocuted!
* * * LOW HITPOINT WARNING * * *
A demonic guardian appears!
The orc closely misses you.
You barely miss the orc. The orc hits you but does no damage.
You hit the orc but do no damage. You block the orc's attack.
You hit the orc.
The orc is moderately wounded.
The orc closely misses you.
You hit the orc.
The orc is almost dead.
The orc closely misses you.
The orc hits you with a +1 hand axe of electrocution.
* * * LOW HITPOINT WARNING * * *
A demonic guardian appears!
You barely miss the orc.
The orc is almost dead.
The orc hits you but does no damage.
You are electrocuted!
You die...

# ######... .# #.##
##.# ####.## # ##...
#....## ..?#####..#
#.#### #........# #.#
#......5o# #.####
#.######o# #....# #@#
####.# #5# #.# ###.#
#.# #...# #####.#
###.###########...#.#
#...#....##...#.#.#.#
#.###.##.##.#.#.#.#.#
#.#......##.......#.#
#.#.####......#.###.#


You could see 2 orcs, a friendly iron imp (summoned) and a friendly shadow imp
(summoned).

Vanquished Creatures
  3 hounds
  Jessica (D:2)
  A gnoll (D:3)
  An adder (D:2)
  A worm (D:2)
  2 dart slugs
  An orc (D:4)
  4 endoplasms
  5 giant cockroaches
  2 goblins
  7 hobgoblins
  5 jackals
  3 quokkas
  6 ball pythons
  2 bats
  3 frilled lizards (D:2)
  7 kobolds
  3 rats
57 creatures vanquished.

Vanquished Creatures (collateral kills)
  A worm (D:2)
  An endoplasm (D:1)
2 creatures vanquished.

Grand Total: 59 creatures vanquished

Notes
Turn   | Place    | Note
-------+----------+-------------------------------------------
     0 | D:1      | BritishOli the Demonspawn Fighter began the quest for the
                  | Orb.
     0 | D:1      | Reached XP level 1. HP: 18/18 MP: 1/1
   105 | D:1      | Gained mutation: A weak demonic guardian rushes to your
                  | aid. [demonic ancestry]
   105 | D:1      | Reached XP level 2. HP: 24/24 MP: 2/2
   988 | D:2      | Discovered your monstrous ancestry.
   988 | D:2      | Gained mutation: You have large cloven feet. [demonic
                  | ancestry]
   988 | D:2      | Reached XP level 3. HP: 29/29 MP: 3/3
  1243 | D:2      | Reached XP level 4. HP: 30/37 MP: 4/4
  1276 | D:2      | Noticed Jessica
  1281 | D:2      | Killed Jessica
  1282 | D:2      | Reached skill level 4 in Fighting
  1763 | D:3      | Found a bloodstained altar of Trog.
  2039 | D:3      | Found a blossoming altar of Fedhas.
  2248 | D:4      | Reached XP level 5. HP: 35/42 MP: 5/5
  2410 | D:4      | Slain by an orc

Illustrated notes

Levels and vault maps discovered:
D:1:      roderic_crop_circles_arrival_small, layout_loops_cross,
          due_unseen_surprise
D:2:      layout_rooms, columned_hall_lemuel, uniq_jessica
D:3:      layout_basic, marbit_many_paths, nicolae_overflow_hidden_temple
D:4:      layout_basic, uniq_grinder

Skill      XL: |  1  2  3  4 |
---------------+-------------+-----
Long Blades    | 2 3 |  3.6
Shields        | 3 |  3.0
Armour         | 3 |  3.0
Fighting       | 4 |  4.6

Action                   |  1- 3 |  4- 6 || total
-------------------------+-------+-------++-------
Melee: Long sword        |   111 |   101 ||   212
Armor: Scale mail        |    51 |    55 ||   106
Dodge: Dodged            |    55 |    55 ||   110
Block: Buckler           |    18 |    18 ||    36

Table legend: (Time is in decaauts)
 A = Elapsed time spent in this place.
 B = Non-inter-level travel time spent in this place.
 C = Inter-level travel time spent in this place.
 D = Time resting spent in this place.
 E = Time spent auto-exploring this place.
 F = Levels seen in this place.
 G = Mean time per level.
                   A        B        C        D        E       F      G
               +--------+--------+--------+--------+--------+-----+--------+
         Total |   2474 |   2316 |    158 |     79 |   1744 |   4 |  618.5 |
       Dungeon |   2474 |   2316 |    158 |     79 |   1744 |   4 |  618.5 |
               +--------+--------+--------+--------+--------+-----+--------+

Top non-repeatable levels by time:
     D:1: 923 daAuts
     D:3: 676 daAuts
     D:2: 599 daAuts
     D:4: 275 daAuts
